Match 45146324
Unlisted

Match 45146324
End
Selects Armored Battlegroup
Engineer Squad
Selects Veteran Crews
Construct Barracks
Riflemen Squad
1⁄4-ton 4x4 Truck
Riflemen Squad
Mechanized Support Center
Riflemen Squad
Construct Motor Pool
M24 Chaffee Light Tank
Construct Medical Station
Selects Fast Deploy
Selects Field Repairs
Engineer Squad
Designate Forward Repair Station
M8 Greyhound Armored Car
Improvised Armor
M8 Greyhound Armored Car
M1 Anti-tank Gun Team
Designate Forward Repair Station
Selects Seek and Destroy
Selects UNKNOWN (2160077)
Construct Tank Depot
Riflemen Squad
Riflemen Squad
Designate Forward Repair Station
Grenade Package
M4A3E8 Sherman Easy Eight
M1 Anti-tank Gun Team
M1 Anti-tank Gun Team
Designate Forward Repair Station
M4A3E8 Sherman Easy Eight
Designate Forward Repair Station
M4A3E8 Sherman Easy Eight
Seek and Destroy
Field Repairs
M4A3E8 Sherman Easy Eight
Designate Forward Repair Station
Selects War Machine
M4A3E8 Sherman Easy Eight
Designate Forward Repair Station
1⁄4-ton 4x4 Truck
Rapid Repairs
M4A3E8 Sherman Easy Eight
Designate Forward Repair Station
Field Repairs
M4A3E8 Sherman Easy Eight
Designate Forward Repair Station
M4A3E8 Sherman Easy Eight
Field Repairs
Seek and Destroy
Hometown
LoopDloop
Воин вацапа
Restzeit
Spriggan
BooralKing
0
0

Comments sign in to comment!

No comments posted yet!